 Dungeon Crawl Stone Soup version 0.27.1-34-g3ba077fa99 (webtiles) character file.

Game seed: 14850741282748600781

594 zeram the Cudgeller (level 7, -6/44 HPs)
             Began as a Gargoyle Fighter on Jan 15, 2022.
             Mangled by a hornet zombie (10 damage)
             ... in an ossuary.
             The game lasted 00:03:26 (2064 turns).

zeram the Cudgeller (Gargoyle Fighter)              Turns: 2064, Time: 00:03:26

Health: -6/44      AC: 20    Str: 22    XL:     7   Next: 39%
Magic:  7/7        EV:  8    Int: 14    God:
Gold:   64         SH: 11    Dex:  9    Spells: 6/6 levels left

rFire    . . .     SeeInvis .   d - +5 flail (protect)
rCold    . . .     Faith    .   c - +1 kite shield
rNeg     + . .     Spirit   .   b - +0 scale mail
rPois    ∞         Reflect  .   (no helmet)
rElec    +         Harm     .   (no cloak)
rCorr    .         Rampage  .   f - +0 pair of gloves
Will     .....                  (no boots)
Stlth    ..........             (no amulet)
HPRegen  0.14/turn              s - +6 ring of intelligence
MPRegen  0.10/turn              (no ring)

@: under a protective aura
A: sickness immunity, AC +4, negative energy resistance 1, electricity
resistance, torment resistance 1, petrification resistance
a: no special abilities


You were in an ossuary.
You visited 1 branch of the dungeon, and saw 3 of its levels.
You also visited: Ossuary.

You collected 64 gold pieces.

Inventory:

Hand Weapons
 a - a +0 flail
 d - a +5 flail of protection (weapon)
Armour
 b - a +0 scale mail (worn)
 c - a +1 kite shield (worn)
 f - a +0 pair of gloves (worn)
Jewellery
 s - a +6 ring of intelligence (left hand)
Scrolls
 g - 2 scrolls of teleportation
Potions
 e - a potion of brilliance {unknown}
 j - a potion of flight
 k - a potion of heal wounds {unknown}
 l - a potion of curing {unknown}
 o - a potion of magic {unknown}
 p - a potion of mutation {unknown}
 q - a potion of lignification {unknown}


   Skills:
 + Level 4.8 Fighting
 + Level 5.1 Maces & Flails
 + Level 4.5 Armour
 + Level 1.2 Dodging
 - Level 0.2 Stealth
 + Level 5.1 Shields


You had 6 spell levels left.
You didn't know any spells.
Your spell library was empty.

Dungeon Overview and Level Annotations

Branches:
Dungeon (2/15)            Ossuary (1/1)

Altars:


Innate Abilities, Weirdness & Mutations

You are immune to sickness and miasma.
Your stone body is resilient. (AC +4)
You are immune to poison.
You resist negative energy. (rN+)
You are resistant to electric shocks. (rElec)
You are resistant to unholy torment.
You are immune to petrification.


Message History

The killer bee zombie barely misses you.
You barely miss the killer bee zombie.
The killer bee zombie is heavily damaged.
The killer bee zombie closely misses you.
The killer bee zombie hits you.
You closely miss the killer bee zombie.
The killer bee zombie is heavily damaged.
You block the killer bee zombie's attack.
The killer bee zombie hits you.
You block the killer bee zombie's attack.
You sock the killer bee zombie!
Your weapon exudes an aura of protection.
The killer bee zombie is almost destroyed.
You block the killer bee zombie's attack.
The killer bee zombie hits you.
* * * LOW HITPOINT WARNING * * *
You sock the killer bee zombie!
You destroy the killer bee zombie!
A hornet zombie comes into view.
The hornet zombie hits you but does no damage.
You sock the hornet zombie!
Your weapon exudes an aura of protection.
The hornet zombie is moderately damaged.
The hornet zombie hits you!
* * * LOW HITPOINT WARNING * * *
You block the hornet zombie's attack.
You thump the hornet zombie!
The hornet zombie is heavily damaged.
You block the hornet zombie's attack. x2
You closely miss the hornet zombie.
The hornet zombie is heavily damaged.
The hornet zombie barely misses you. You block the hornet zombie's attack.
A bog mummy comes into view.
You hit the hornet zombie but do no damage.
The hornet zombie is heavily damaged.
You block the hornet zombie's attack.
You hit the hornet zombie but do no damage.
The hornet zombie is heavily damaged.
You block the hornet zombie's attack. The hornet zombie hits you!
You die...

#.. #.# ..' #####
#####M# #..∩#
#...#.+
#.∩.###...#.#
#...#.#...#Z+
###.##'##'##'##@###
#.'.............'.#
###+#'#'#'#'#'#+###
#.#.#.#.# #########


You could see a bog mummy and a hornet zombie.

Vanquished Creatures
  A wyvern zombie (Ossuary)
  A water moccasin zombie (Ossuary)
  5 bullfrog zombies (Ossuary)
  Natasha (thrice) (D:2)
  Terence (D:2)
  3 killer bee zombies (Ossuary)
  8 mummies (Ossuary)
  A howler monkey zombie (Ossuary)
  An adder (D:2)
  A worm (D:2)
  A dart slug (D:2)
  3 bats
  3 endoplasms
  2 giant cockroaches (D:2)
  A goblin (D:2)
  3 hobgoblins
  3 ball pythons
  4 rats
45 creatures vanquished.

Vanquished Creatures (others)
  4 withered plants (Ossuary)
4 creatures vanquished.

Grand Total: 49 creatures vanquished

Notes
Turn   | Place    | Note
-------+----------+-------------------------------------------
     0 | D:1      | zeram the Gargoyle Fighter began the quest for the Orb.
     0 | D:1      | Reached XP level 1. HP: 14/14 MP: 1/1
   218 | D:1      | Found a faded altar of an unknown god.
   690 | D:2      | Reached XP level 2. HP: 17/19 MP: 2/2
   725 | D:2      | Noticed Natasha
   730 | D:2      | Killed Natasha
   731 | D:2      | Reached XP level 3. HP: 23/23 MP: 3/3
   864 | D:2      | Noticed Natasha
   869 | D:2      | Killed Natasha
   870 | D:2      | Reached XP level 4. HP: 18/29 MP: 4/4
  1031 | D:2      | Noticed Natasha
  1044 | D:2      | Killed Natasha
  1101 | D:2      | Noticed Terence
  1176 | D:2      | Killed Terence
  1177 | D:2      | Reached XP level 5. HP: 3/33 MP: 5/5
  1729 | D:2      | You fall into a shaft and drop 2 floors!
  1779 | D:4      | Found a sand-covered staircase.
  1783 | Ossuary  | Entered an ossuary
  1817 | Ossuary  | Reached XP level 6. HP: 25/39 MP: 6/6
  2019 | Ossuary  | Reached XP level 7. HP: 21/44 MP: 7/7
  2027 | Ossuary  | Reached skill level 1 in Dodging
  2031 | Ossuary  | Reached skill level 5 in Shields
  2034 | Ossuary  | Reached skill level 5 in Maces & Flails
  2064 | Ossuary  | Mangled by a hornet zombie

Illustrated notes

Levels and vault maps discovered:
D:1:      lemuel_arrival_room, layout_loops_ring,
          hellmonk_ecumenical_altar_slurped_away, minmay_liquid_box
D:2:      layout_loops_ring, uniq_natasha, uniq_terence
D:4:      layout_basic, minmay_temple_entry_statues, enter_ossuary_5, uniq_robin
Ossuary:  ossuary_zaba_flooded

Skill      XL: |  1  2  3  4  5  6  7 |
---------------+----------------------+-----
Shields        | 4 5 |  5.1
Fighting       | 4 |  4.8
Armour         | 4 |  4.5
Maces & Flails | 3 4 5 |  5.1
Dodging        | 1 |  1.2
Stealth        | |  0.2

Action                   |  1- 3 |  4- 6 |  7- 9 || total
-------------------------+-------+-------+-------++-------
Melee: Flail             |    28 |   132 |    32 ||   192
  Use: Scroll            |     2 |     7 |       ||     9
       Potion            |       |     1 |       ||     1
Armor: Scale mail        |    13 |    70 |    11 ||    94
Dodge: Dodged            |    10 |    54 |    11 ||    75
Block: Kite shield       |    10 |    63 |    24 ||    97
